TKirby, neutral female human Wizard --------------- ------------- |......{......| |............`#######|.............| |........<..| ##..............| |...........| ##------.-------- ----------- |...........-############# ###################..........|############ ------.------ # |.........|# [ ---|- ## ### #..........|# ### |...| # # ###-----------# # |...| ####### ### # ############# ### |...| ---.---- I ### # |...| |.......########### ------|-- # ##....| |..{...| |.......| ### |...| |......| |.......| # ----- -------- |........###### |.>.....| --------- TKirby the Evoker Experience level: 2 Strength: 9 Dexterity: 10 Constitution: 17 Intelligence: 18 Wisdom: 10 Charisma: 11 Health: 0(22) Energy: 18(18) Def: 1 Gold: 131 Moves: 1257 Dungeon seed: 9cI-2CMJJQY_HdIk Game ID: TKirby_1504897465 Your Inventory: Coins $ - 131 gold pieces Weapons a - a blessed +1 quarterstaff (weapon in hands) p - a blessed +1 javelin Armor e - an uncursed +0 cloak of magic resistance (being worn) Scrolls i - a blessed scroll of identify j - a blessed scroll of taming k - a blessed scroll of earth Spellbooks l - a blessed spellbook of force bolt m - an uncursed spellbook of detect monsters s - an uncursed spellbook of sleep Potions g - 2 uncursed potions of invisibility h - an uncursed potion of speed Rings c - an uncursed ring of shock resistance d - an uncursed ring of see invisible Wands b - a wand of make invisible (0:4) Tools q - an uncursed leash r - an uncursed towel Spells and supernatural/magical abilities: Name Level Category Fail Memory a - force bolt 1 attack 0% 94% n - detect monsters 1 divination 0% 94% z - sleep 1 enchantment 0% 99% W - pray for help -- divine ? -- Your skills at the end: Fighting Skills Weapon Skills quarterstaff [Basic] Spellcasting Skills attack spells [Basic] enchantment spells [Basic] Final Attributes: You were devoutly aligned. You were magic-protected. You were lucky. You are dead. Vanquished creatures: 4 jackals a kobold 2 goblins 2 sewer rats a grid bug 2 lichens 2 kobold zombies a newt 15 creatures vanquished. Voluntary challenges: You followed a strict vegan diet. You were an atheist. You used a wielded weapon 14 times, starting on turn 17. You read items or engraved 1 time, starting on turn 1023. You never genocided any monsters. You never polymorphed an object. You never changed form. You used no wishes. You never split a pudding. You never wrote Elbereth's name. You never violated your personal moral code. Dungeon overview: The Dungeons of Doom: levels 1 to 2 Level 1 <- You were here some fountains a long staircase Level 2 History has recorded: On T:1 you entered the Dungeons of Doom to retrieve the Amulet of Yendor! On T:430 you reached level 2 of The Dungeons of Doom. On T:657 you advanced to experience level 2. Score breakdown: Gold: 131 ( 7213 points) Experience: 2 levels ( 5570 points) Exploration: 2 levels ( 4.00%) ( 4285 points) Discoveries: 1 item ( 0.35%) ( 1770 points) Valuables value: (no points given unless you survive) Artifact value: 0 ( 0 points) Variety of kills: 8 monsters ( 2.10%) ( 4347 points) Turncount: 1257 turns ( 0 points) Survival: died (score multiplied by 80%) Total score: 18548 Latest messages: You faint from lack of food. You come to. You faint from lack of food. You come to. You begin to memorize the runes. You add the "sleep" spell to your repertoire. You displace maple. You faint from lack of food. You come to. You faint from lack of food. You come to. You faint from lack of food. You come to. You faint from lack of food. You come to. You faint from lack of food. You come to. You faint from lack of food. You come to. You faint from lack of food. You come to. You faint from lack of food. It hits! (11x) You die... Final status: Goodbye TKirby the Wizard, killed by a kobold, while fainted from lack of food... You died in The Dungeons of Doom on dungeon level 1 with 18548 points, and 131 pieces of gold, after 1257 moves. You were level 2 with a maximum of 22 hit points when you died.